AoeStats
← Ice_And_Fire

Arabia

509715771Analyzed
1v1 RM · 5d ago on Sep 27, 2026· 34m 21s· 2 players
Game mode
Random Map
Map size
Tiny (2 player)
Population
200
Speed
Normal
Resources
Standard
Victory
Conquest
Starting age
Dark Age
Ending age
Imperial Age
RankedLock teamsTeams togetherTeam positionsShared explorationLock speedFull tech treeHidden civsTurbo modeCheats
Victory
Defeat
🇹🇷 Dravidians · Türkiye
1147
+18
🇩🇪 Teutons · Germany
1201
-18
hsynakan.95
1:28 Loom
9:01 Feudal Age
9:13 Man-at-Arms
15:56 Fletching
23:12 Castle Age
22:07 Forging
22:16 Gold Mining
22:32 Horse Collar
23:30 Crossbowman
24:07 Bodkin Arrow
23:48 Long Swordsman
24:58 Pikeman
26:04 Stone Mining
29:02 Padded Archer Armor
30:43 Leather Archer Armor
31:50 Thumb Ring
Ice_And_Fire
7:44 Loom
10:10 Feudal Age
10:58 Horse Collar
17:15 Double-Bit Axe
22:08 Castle Age
20:41 Padded Archer Armor
21:52 Fletching
23:15 Crossbowman
24:25 Forging
25:00 Elite Skirmisher
25:54 Scale Mail Armor
27:45 Leather Archer Armor
29:13 Town Watch
34:12 Wheelbarrow
33:59 Bodkin Arrow
Connection lost

Rejoining the realm…

Still unreachable

The connection could not be restored.

Session expired

The server has moved on; the page needs a fresh start.